[ AOE2 MATCH · #506253570 ]
UnrankedIncas vs Aztecs
Player's team · LOSS
Rival team · WIN
[ REPLAY ANALYSIS · EXTRACTED FROM THE RECORDED GAME ]
Feudal
9:30
Castle
25:43
Imperial
—
| APM avg | 60.6 |
| APM peak | 90 |
| eAPM avg | 20.4 |
| Villagers / military | 66 / 30 |
Focus
⚔️ 36.2% · 🌾 63.8%
Unknown (2550) ×18 · Petard ×16 · Skirmisher ×14
Feudal
9:15
Castle
22:07
Imperial
—
| APM avg | 63.7 |
| APM peak | 112 |
| eAPM avg | 30.9 |
| Villagers / military | 108 / 72 |
Focus
⚔️ 31.9% · 🌾 68.1%
Militia ×25 · Monk ×24 · Archer ×19 · Eagle Scout ×3 · Mangonel ×1
Match map
Initial resources + every placement click. Lines = walls · curves = elevation contours. ◆ gold · ⬟ stone · ● berries · ✦ relic · ◌ wall gap
Your base· Open — opponent sealed themselves in
dlms9's base· ✓ Closed at 22:07 · 57t walls · no gate
Smoothed initial terrain · ◌ = detected wall gap · hover for details
Inputs per minute
— Ivannovich - - dlms9
Build order — Ivannovich
First 150 of 194 actions detected
| 0:00 | Queue | Villager (Male) |
| 0:01 | Queue | Villager (Male) |
| 0:02 | Build | House |
| 0:05 | Build | House |
| 0:09 | Queue | Villager (Male) |
| 0:11 | Queue | Villager (Male) |
| 1:27 | Queue | Villager (Male) |
| 1:27 | Queue | Villager (Male) |
| 2:06 | Queue | Villager (Male) |
| 2:06 | Queue | Villager (Male) |
| 2:17 | Queue | Villager (Male) |
| 2:35 | Queue | Villager (Male) |
| 2:35 | Queue | Villager (Male) |
| 2:45 | Build | Settlement |
| 2:50 | Queue | Villager (Male) |
| 2:50 | Queue | Villager (Male) |
| 3:25 | Queue | Villager (Male) |
| 3:26 | Queue | Villager (Male) |
| 4:05 | Queue | Villager (Male) |
| 4:06 | Queue | Villager (Male) |
| 4:24 | Queue | Villager (Male) |
| 4:27 | Queue | Villager (Male) |
| 4:27 | Queue | Villager (Male) |
| 4:56 | Queue | Villager (Male) |
| 6:02 | Build | Barracks |
| 6:20 | Queue | Villager (Male) |
| 6:41 | Research | Loom |
| 6:58 | Queue | Unit 2550 |
| 7:20 | Research | Feudal Age |
| 7:20 | Research | Feudal Age |
| 7:50 | Queue | Unit 2550 |
| 7:50 | Queue | Unit 2550 |
| 7:54 | Build | Barracks |
| 8:18 | Queue | Unit 2550 |
| 8:18 | Queue | Unit 2550 |
| 8:43 | Queue | Unit 2550 |
| 8:58 | Queue | Unit 2550 |
| 9:05 | Build | House |
| 9:07 | Build | House |
| 9:13 | Queue | Unit 2550 |
| 9:30 | Age | Feudal Age |
| 10:05 | Research | Tech 1402 |
| 10:24 | Queue | Unit 2550 |
| 10:43 | Queue | Villager (Male) |
| 11:22 | Queue | Villager (Male) |
| 11:43 | Build | Settlement |
| 11:50 | Build | Farm |
| 11:50 | Build | Farm |
| 11:50 | Build | Farm |
| 11:51 | Build | Farm |
| 11:51 | Build | Farm |
| 11:51 | Build | Farm |
| 11:51 | Build | Farm |
| 11:51 | Build | Farm |
| 12:03 | Build | Farm |
| 12:03 | Build | Farm |
| 12:03 | Build | Farm |
| 12:03 | Build | Farm |
| 12:08 | Queue | Unit 2550 |
| 12:44 | Queue | Villager (Male) |
| 12:56 | Queue | Unit 2550 |
| 13:09 | Queue | Unit 2550 |
| 13:09 | Queue | Unit 2550 |
| 13:24 | Queue | Villager (Male) |
| 13:41 | Queue | Unit 2550 ×2 |
| 14:02 | Queue | Villager (Male) |
| 14:03 | Build | Archery Range |
| 14:13 | Queue | Unit 2550 ×2 |
| 14:38 | Queue | Villager (Male) |
| 14:43 | Queue | Villager (Male) |
| 14:46 | Queue | Villager (Male) |
| 14:53 | Queue | Unit 2550 |
| 15:00 | Queue | Skirmisher |
| 15:06 | Queue | Villager (Male) |
| 15:25 | Queue | Skirmisher |
| 15:33 | Queue | Villager (Male) |
| 15:40 | Queue | Skirmisher |
| 15:47 | Queue | Villager (Male) ×3 |
| 16:15 | Queue | Skirmisher |
| 16:22 | Queue | Skirmisher |
| 17:18 | Queue | Skirmisher |
| 17:26 | Build | Blacksmith |
| 17:30 | Queue | Villager (Male) |
| 17:40 | Queue | Skirmisher |
| 17:58 | Research | Town Watch |
| 18:02 | Queue | Skirmisher |
| 18:10 | Research | Fletching |
| 18:11 | Research | Fletching |
| 18:11 | Research | Fletching |
| 18:14 | Queue | Villager (Male) |
| 18:27 | Queue | Skirmisher |
| 18:45 | Queue | Skirmisher |
| 18:54 | Queue | Villager (Male) |
| 19:03 | Queue | Villager (Male) |
| 19:17 | Queue | Villager (Male) |
| 19:32 | Research | Padded Archer Armor |
| 20:00 | Queue | Villager (Male) |
| 20:05 | Queue | Skirmisher |
| 20:23 | Queue | Villager (Male) |
| 20:25 | Build | Farm |
| 20:25 | Build | Farm |
| 20:26 | Build | Farm |
| 20:26 | Build | Farm |
| 20:26 | Build | Farm |
| 20:26 | Build | Farm |
| 20:26 | Build | Farm |
| 20:27 | Build | Farm |
| 20:53 | Queue | Skirmisher |
| 20:58 | Queue | Villager (Male) ×4 |
| 21:01 | Build | Farm |
| 21:01 | Build | Farm |
| 21:02 | Build | Farm |
| 21:02 | Build | Farm |
| 21:02 | Build | Farm |
| 21:02 | Build | Farm |
| 21:02 | Build | Farm |
| 21:18 | Build | Market |
| 21:20 | Queue | Skirmisher |
| 21:43 | Queue | Skirmisher |
| 23:03 | Research | Castle Age |
| 23:03 | Research | Castle Age |
| 23:08 | Build | Archery Range |
| 23:15 | Build | House |
| 23:17 | Build | House |
| 23:18 | Build | House |
| 23:22 | Build | House |
| 23:29 | Build | Palisade Wall |
| 23:39 | Queue | Villager (Male) |
| 23:57 | Build | Settlement |
| 25:10 | Build | House |
| 25:12 | Build | House |
| 25:14 | Build | House |
| 25:15 | Build | House |
| 25:17 | Build | Palisade Wall |
| 25:18 | Research | Stone Mining |
| 25:20 | Build | House |
| 25:22 | Build | Palisade Wall |
| 25:33 | Build | House |
| 25:35 | Build | Palisade Wall |
| 25:43 | Age | Castle Age |
| 25:45 | Queue | Petard ×5 |
| 25:46 | Queue | Villager (Male) ×5 |
| 25:52 | Build | Town Center |
| 25:59 | Build | Palisade Wall |
| 26:00 | Build | Palisade Wall |
| 26:02 | Build | Palisade Wall |
| 26:23 | Queue | Villager (Male) ×2 |
| 26:46 | Build | Town Center |
| 26:53 | Queue | Petard ×3 |
| 27:18 | Build | Town Center |
Build order — dlms9
First 150 of 274 actions detected
| 0:00 | Queue | Villager (Male) |
| 0:00 | Queue | Villager (Male) |
| 0:01 | Build | House |
| 0:03 | Build | House |
| 0:07 | Queue | Villager (Male) |
| 0:08 | Queue | Villager (Male) |
| 1:25 | Queue | Villager (Male) |
| 1:25 | Queue | Villager (Male) |
| 1:57 | Build | Lumber Camp |
| 2:04 | Queue | Villager (Male) |
| 2:05 | Queue | Villager (Male) |
| 2:05 | Queue | Villager (Male) |
| 2:25 | Queue | Villager (Male) |
| 2:59 | Queue | Villager (Male) |
| 3:37 | Queue | Villager (Male) |
| 3:52 | Build | House |
| 4:06 | Queue | Villager (Male) |
| 4:06 | Queue | Villager (Male) |
| 4:21 | Build | House |
| 4:24 | Queue | Villager (Male) |
| 4:38 | Queue | Villager (Male) |
| 5:12 | Build | Barracks |
| 5:19 | Queue | Villager (Male) |
| 5:38 | Queue | Villager (Male) |
| 6:08 | Queue | Villager (Male) |
| 6:35 | Research | Loom |
| 6:43 | Build | Mining Camp |
| 7:03 | Research | Feudal Age |
| 7:05 | Queue | Militia |
| 7:05 | Queue | Militia |
| 7:27 | Queue | Militia |
| 7:30 | Queue | Militia |
| 7:30 | Queue | Militia |
| 7:38 | Build | House |
| 7:54 | Build | Palisade Wall |
| 7:54 | Build | Palisade Wall |
| 8:07 | Build | House |
| 8:14 | Queue | Villager (Male) |
| 8:26 | Build | Mill |
| 8:29 | Build | Mill |
| 8:32 | Build | Palisade Wall |
| 9:15 | Age | Feudal Age |
| 9:19 | Research | Double-Bit Axe |
| 9:20 | Research | Man-at-Arms (upgrade) |
| 9:38 | Build | House |
| 9:57 | Build | Farm |
| 9:58 | Build | Farm |
| 9:59 | Build | Farm |
| 10:07 | Build | Farm |
| 10:10 | Queue | Villager (Male) |
| 10:10 | Queue | Villager (Male) |
| 10:25 | Build | Palisade Wall |
| 10:29 | Build | Farm |
| 10:45 | Queue | Villager (Male) |
| 11:01 | Build | Farm |
| 11:22 | Queue | Villager (Male) |
| 11:40 | Build | Palisade Wall |
| 11:43 | Queue | Villager (Male) |
| 11:46 | Build | Archery Range |
| 11:48 | Queue | Villager (Male) |
| 11:56 | Build | Palisade Wall |
| 12:05 | Build | House |
| 12:18 | Research | Horse Collar |
| 12:29 | Queue | Archer |
| 12:29 | Queue | Archer |
| 12:33 | Queue | Villager (Male) |
| 12:39 | Queue | Villager (Male) |
| 12:45 | Queue | Archer |
| 13:10 | Build | Farm |
| 13:12 | Build | Stone Wall |
| 13:13 | Build | Stone Wall |
| 13:14 | Build | Stone Wall |
| 13:15 | Build | Stone Wall |
| 13:20 | Queue | Archer |
| 13:21 | Queue | Archer |
| 13:25 | Build | House |
| 13:30 | Build | Stone Wall |
| 13:31 | Build | Stone Wall |
| 13:32 | Build | Stone Wall |
| 13:33 | Build | Stone Wall |
| 13:36 | Build | Stone Wall |
| 13:39 | Queue | Archer |
| 13:48 | Build | Palisade Wall |
| 13:50 | Build | Palisade Wall |
| 14:00 | Queue | Villager (Male) |
| 14:00 | Queue | Villager (Male) |
| 14:02 | Queue | Archer |
| 14:02 | Queue | Archer |
| 14:13 | Queue | Villager (Male) |
| 14:18 | Build | House |
| 14:22 | Build | House |
| 14:23 | Queue | Villager (Male) |
| 14:25 | Build | Farm |
| 14:28 | Queue | Archer |
| 14:28 | Queue | Archer |
| 14:46 | Build | Farm |
| 15:01 | Queue | Villager (Male) |
| 15:08 | Queue | Archer |
| 15:30 | Build | Palisade Wall |
| 15:36 | Build | Blacksmith |
| 15:40 | Queue | Villager (Male) |
| 15:41 | Queue | Archer |
| 15:41 | Queue | Archer |
| 15:44 | Build | Farm |
| 15:48 | Queue | Villager (Male) |
| 16:02 | Build | House |
| 16:04 | Queue | Villager (Male) |
| 16:11 | Build | Stone Wall |
| 16:15 | Build | Farm |
| 16:22 | Research | Fletching |
| 16:38 | Build | Farm |
| 16:40 | Build | Farm |
| 16:40 | Queue | Villager (Male) |
| 16:44 | Build | Palisade Wall |
| 16:45 | Queue | Archer |
| 16:50 | Queue | Villager (Male) |
| 16:57 | Build | Stone Wall |
| 17:06 | Queue | Archer |
| 17:06 | Queue | Archer |
| 17:16 | Queue | Archer |
| 17:25 | Queue | Villager (Male) |
| 17:27 | Build | Farm |
| 17:29 | Build | Farm |
| 17:32 | Queue | Villager (Male) |
| 17:32 | Queue | Villager (Male) |
| 17:37 | Queue | Villager (Male) |
| 17:38 | Queue | Villager (Male) |
| 17:41 | Build | Farm |
| 18:03 | Build | Farm |
| 18:12 | Build | Palisade Wall |
| 18:12 | Build | Palisade Wall |
| 18:15 | Queue | Archer |
| 18:16 | Queue | Archer |
| 18:26 | Queue | Villager (Male) |
| 18:31 | Build | Farm |
| 19:27 | Research | Castle Age |
| 19:36 | Build | Barracks |
| 19:56 | Queue | Militia |
| 20:17 | Research | Scale Mail Armor |
| 20:20 | Build | Barracks |
| 20:26 | Queue | Militia |
| 20:26 | Queue | Militia |
| 20:37 | Build | Farm |
| 20:37 | Build | Farm |
| 20:41 | Queue | Militia |
| 20:41 | Queue | Militia |
| 20:49 | Queue | Villager (Male) |
| 21:00 | Queue | Militia |
| 21:12 | Queue | Militia |
| 21:28 | Queue | Militia |
Match timeline
| 5:12 | dlms9 · first_building Barracks |
| 6:02 | Ivannovich · first_building Barracks |
| 7:54 | dlms9 · wall_segment Palisade Wall x4 |
| 7:54 | dlms9 · wall_segment Palisade Wall x4 |
| 8:32 | dlms9 · wall_segment Palisade Wall x7 |
| 9:15 | dlms9 · age_up feudal |
| 9:30 | Ivannovich · age_up feudal |
| 10:25 | dlms9 · wall_segment Palisade Wall x11 |
| 11:40 | dlms9 · wall_segment Palisade Wall x11 |
| 11:46 | dlms9 · first_building Archery Range |
| 11:56 | dlms9 · wall_segment Palisade Wall x1 |
| 13:12 | dlms9 · wall_segment Stone Wall x1 |
| 13:13 | dlms9 · wall_segment Stone Wall x1 |
| 13:14 | dlms9 · wall_segment Stone Wall x1 |
| 13:15 | dlms9 · wall_segment Stone Wall x1 |
| 13:30 | dlms9 · wall_segment Stone Wall x1 |
| 13:31 | dlms9 · wall_segment Stone Wall x1 |
| 13:32 | dlms9 · wall_segment Stone Wall x1 |
| 13:33 | dlms9 · wall_segment Stone Wall x1 |
| 13:36 | dlms9 · wall_segment Stone Wall x1 |
| 13:48 | dlms9 · wall_segment Palisade Wall x1 |
| 13:50 | dlms9 · wall_segment Palisade Wall x1 |
| 14:03 | Ivannovich · first_building Archery Range |
| 15:30 | dlms9 · wall_segment Palisade Wall x1 |
| 16:11 | dlms9 · wall_segment Stone Wall x1 |
| 16:44 | dlms9 · wall_segment Palisade Wall x1 |
| 16:57 | dlms9 · wall_segment Stone Wall x5 |
| 18:12 | dlms9 · wall_segment Palisade Wall x1 |
| 18:12 | dlms9 · wall_segment Palisade Wall x1 |
| 22:07 | dlms9 · age_up castle |
| 22:23 | Ivannovich · first_market_buy 100 food |
| 22:58 | Ivannovich · first_market_sell 100 wood |
| 23:29 | Ivannovich · wall_segment Palisade Wall x1 |
| 25:15 | dlms9 · first_building Monastery |
| 25:17 | Ivannovich · wall_segment Palisade Wall x1 |
| 25:22 | Ivannovich · wall_segment Palisade Wall x1 |
| 25:35 | Ivannovich · wall_segment Palisade Wall x1 |
| 25:43 | Ivannovich · age_up castle |
| 25:59 | Ivannovich · wall_segment Palisade Wall x1 |
| 26:00 | Ivannovich · wall_segment Palisade Wall x1 |
| 26:02 | Ivannovich · wall_segment Palisade Wall x1 |
| 28:24 | dlms9 · first_building Siege Workshop |
| 32:38 | dlms9 · first_building Castle |
| 33:57 | Ivannovich · resign |
[ AI ANALYSIS · 1 CREDIT ]
What really happened in this match?
Wolo.gg analyzes every decision: build order, eco, micro, common mistakes by bracket. Personalized analysis on WhatsApp or Discord in 30 seconds.
Civ guide
Incas
Perfil
Ivannovich